 Seeded DCSS version 0.29.1-15-g9cfb28693d (webtiles) character file.

Game seed: 15851554773747161596 (custom seed)

113 bmack86 the Shield-Bearer (level 4, 41/41 HPs)
             Began as a Minotaur Fighter on Mar 17, 2023.
             Quit the game on level 3 of the Dungeon.
             The game lasted 00:03:54 (1690 turns).

bmack86 the Shield-Bearer (Minotaur Fighter)        Turns: 1690, Time: 00:03:55

Health: 41/41      AC:  9    Str: 22    XL:     4   Next: 65%
Magic:  3/3        EV: 24    Int:  5    God:
Gold:   184        SH:  4    Dex: 10    Spells: 3/3 levels left

rFire   . . .      SeeInvis .   n - +2 war axe (flame)
rCold   . . .      Faith    .   c - +0 buckler
rNeg    . . .      Spirit   .   b - +0 scale mail
rPois   .          Reflect  .   o - +2 hat
rElec   .          Harm     .   (no cloak)
rCorr   .          Rampage  .   (no gloves)
Will    .....                   (no boots)
Stlth   ..........              e - amulet of the acrobat
HPRegen 0.13/turn               (no ring)
MPRegen 0.08/turn               (no ring)

@: acrobatic, studying Shields
A: horns 2, retaliatory headbutt
a: no special abilities


You were on level 3 of the Dungeon.
You visited 1 branch of the dungeon, and saw 3 of its levels.

You collected 184 gold pieces.

Inventory:

Hand Weapons
 a - a +1 war axe
 n - a +2 war axe of flaming (weapon)
Missiles
 m - 4 poisoned darts (quivered)
Armour
 b - a +0 scale mail (worn)
 c - a +0 buckler (worn)
 o - a +2 hat (worn)
Jewellery
 e - an amulet of the acrobat (around neck)
 p - an amulet of guardian spirit
Scrolls
 g - 2 scrolls of vulnerability {unknown}
 k - a scroll of fear {unknown}
 l - a scroll of enchant armour {unknown}
Potions
 d - a potion of might
 f - a potion of attraction {unknown}
 h - 2 potions of curing {unknown}
 i - a potion of ambrosia {unknown}
 j - a potion of haste {unknown}


   Skills:
 + Level 4.4 Fighting
 * Level 4.1 Axes
 + Level 0.5 Throwing
 + Level 4.3 Armour
 + Level 4.4 Shields


You had 3 spell levels left.
You didn't know any spells.
Your spell library contained the following spells:

 Spells                   Type           Power      Damage    Failure   Level
 Summon Lightning Spire   Summ/Air       0%         N/A       100%        4
 Malign Gateway           Summ/Tloc      0%         N/A       100%        7
 Storm Form               Tmut/Air       0%         N/A       100%        7
 Maxwell's Capacitive Co  Air            0%         ∞         100%        8
 Summon Horrible Things   Summ           0%         N/A       100%        8


Dungeon Overview and Level Annotations

Branches:
Dungeon (3/15)

Altars:

Annotations:
D:3 3 runed translucent doors, promet's ghost, amateur MiFi


Innate Abilities, Weirdness & Mutations

You have a pair of horns on your head.
You reflexively headbutt those who attack you in melee.


Message History

The orc shouts!
You hear a shout! x3
Promet's ghost turns its malevolent gaze towards you.
You hear a shout!
The orc sings a few bars from the Orcish anthem.
Found an escape hatch in the floor.
You see here the +8 hand axe "Zetiul" {freeze, Str+4}.
p - an amulet of guardian spirit You see here a +0 sling.
A worm and a bat come into view.
Found a +0 dagger.
You closely miss the bat. You headbutt the bat.
You kill the bat!
The goblin shouts!
You slash the worm! You burn the worm. You headbutt the worm!
You kill the worm!
You see here a worm corpse.
You closely miss the goblin. You headbutt the goblin.
The goblin is heavily wounded.
The goblin hits you but does no damage.
You hit the goblin. You burn the goblin.
You kill the goblin!
You now have 179 gold pieces (gained 16).
You see here a +1 vampiric war axe.
Found a stone staircase leading down.
A goblin comes into view. It is wielding a +0 dagger.
The goblin shouts!
The goblin hits you but does no damage.
You slash the goblin! You burn the goblin.
You kill the goblin!
You see here a +0 dagger.
You now have 184 gold pieces (gained 5).
Found a stone staircase leading up.
A ball python comes into view.
The ball python hisses angrily.
A ball python is nearby!
You slash the ball python! You burn the ball python.
You kill the ball python!
You see here a ball python corpse.
Found a stone staircase leading down.
Are you sure you want to abandon this character and quit the game? (Confirm with "yes".)

.......
###.########
.......
#...........
.......
#.#.########
.......
#.#.#
#####..
#.#.# ..
#.#.# #.#.#
#.#.# #@#.#
#.# #.# #.#
#.# #'# ...
.>.


There were no monsters in sight!

Vanquished Creatures
  5 adders
  2 worms
  2 orcs (D:3)
  6 bats
  5 endoplasms
  3 giant cockroaches
  5 goblins
  5 hobgoblins
  5 jackals
  6 kobolds
  7 ball pythons
  A frilled lizard (D:1)
  4 rats
56 creatures vanquished.

Vanquished Creatures (others)
  9 plants (D:1)
9 creatures vanquished.

Grand Total: 65 creatures vanquished

Notes
Turn   | Place    | Note
-------+----------+-------------------------------------------
     0 | D:1      | bmack86 the Minotaur Fighter began the quest for the Orb.
     0 | D:1      | Reached XP level 1. HP: 19/19 MP: 0/0
   130 | D:1      | Reached XP level 2. HP: 27/27 MP: 1/1
   592 | D:1      | Found a faded altar of an unknown god.
   865 | D:2      | Reached XP level 3. HP: 33/33 MP: 2/2
  1003 | D:2      | Identified the +6 dagger of Indomitability {flame, rF+ rN+
                  | rCorr Dex-5}
  1142 | D:2      | Reached XP level 4. HP: 40/40 MP: 3/3
  1430 | D:3      | Identified 3 scrolls of acquirement
  1430 | D:3      | Acquired a manual of Shields
  1432 | D:3      | Acquired a +2 hat
  1438 | D:3      | Acquired a +2 war axe of flaming
  1537 | D:3      | Found a runed translucent gate.
  1537 | D:3      | Found a runed translucent gate.
  1537 | D:3      | Found a runed translucent gate.
  1539 | D:3      | Identified the +0 chain mail "Sepeseg" {rPois rC+ Stlth+}
  1541 | D:3      | Noticed promet's ghost (amateur MiFi)
  1546 | D:3      | Identified the +8 hand axe "Zetiul" {freeze, Str+4}
  1690 | D:3      | Quit the game

Illustrated notes

Levels and vault maps discovered:
D:1:      evilmike_arrival_plus, layout_rooms,
          shapermc_ecumenical_altar_hornbeckon, dreamdust_wishing_well,
          serial_bayou_lagoon_a, hangedman_abyss_or_decor_lesser_grid
D:2:      layout_basic, mrwooster_statue_mirror
D:3:      layout_basic, gammafunk_temple_overflow_pools,
          biasface_ghost_orc_armoury

Skill      XL: |  1  2  3  4 |
---------------+-------------+-----
Axes           | 3 4 |  4.1
Fighting       | 4 |  4.4
Armour         | 4 |  4.3
Shields        | 4 |  4.4
Throwing       | |  0.5

Action                   |  1- 3 |  4- 6 || total
-------------------------+-------+-------++-------
Melee: War axe           |    48 |    31 ||    79
       Headbutt          |     7 |     4 ||    11
  Use: Scroll            |     1 |     3 ||     4
Armor: Scale mail        |    23 |    13 ||    36
Dodge: Dodged            |    30 |    22 ||    52
Block: Buckler           |    11 |     4 ||    15
